AoeStats
← Tomate

Arabia

503633157Analyzed
2v2 RM · 1mo ago on Sep 1, 2026· 15m 8s· 4 players
Game mode
Random Map
Map size
Medium (4 player)
Population
200
Speed
Normal
Resources
Standard
Victory
Conquest
Starting age
Dark Age
Ending age
Imperial Age
RankedLock teamsTeams togetherTeam positionsShared explorationLock speedFull tech treeHidden civsTurbo modeCheats
Victory
Defeat
🇪🇸 Sicilians · Spain
1001
+14
🇪🇸 Persians · Spain
1001
+14
🇨🇱 Mongols · Chile
952
-14
🇨🇱 Inca · Chile
952
-14
PerroSanxe
8:13 Loom
meisan
7:10 Loom
10:33 Feudal Age
12:23 Wheelbarrow
12:05 Double-Bit Axe
14:57 Fletching
15:07 Padded Archer Armor
Tomate
6:41 Loom
10:32 Feudal Age
nnickk0
7:31 Loom
9:46 Feudal Age
Connection lost

Rejoining the realm…

Still unreachable

The connection could not be restored.

Session expired

The server has moved on; the page needs a fresh start.